cohdb
Replays
Latest Replays
All Replays
Popular Replays
Top Player Replays
Match Explorer
How It Works
Community
CoH3 Stats
Reddit
Sign in to upload your games and track your stats! →
Sign in with Steam
Match 40419685
Unlisted
Match 40419685
Overview
Messages
Build Orders
End
Pioneer Squad
Construct Infanterie Kompanie
Grenadier Squad
MG 42 Machine Gun Team
Selects Terror Battlegroup
Selects Machine Gun Camouflage
Grenadier Squad
Construct Luftwaffe Kompanie
Selects Contempt for the Weak
MG 42 Machine Gun Team
221 Scout Car
Jäger Squad
Jäger Squad
Support Elements
Medical Bunker
Wirbelwind Flakpanzer
Jäger Squad
Selects Defend the Fatherland
Marder III M Tank Destroyer
MadMax
Panzerfaust
0
0
Comments
sign in to comment!
No comments posted yet!